AoeStats
← MatzeAoE

MegaRandom

506238716Analyzed
1v1 RM · 19d ago on Sep 12, 2026· 41m 9s· 2 players
Game mode
Random Map
Map size
Tiny (2 player)
Population
200
Speed
Normal
Resources
Standard
Victory
Conquest
Starting age
Dark Age
Ending age
Imperial Age
RankedLock teamsTeams togetherTeam positionsShared explorationLock speedFull tech treeHidden civsTurbo modeCheats
Victory
Defeat
🇩🇪 Britons · Germany
2128
+19
🇹🇷 Berbers · Türkiye
2202
-19
MatzeAoE
10:19 Feudal Age
11:01 Double-Bit Axe
15:50 Castle Age
14:10 Fishing Lines
14:33 Stone Mining
18:08 Loom
18:08 Town Watch
18:57 Fletching
22:02 Horse Collar
23:44 Ballistics
23:28 Bodkin Arrow
25:32 Wheelbarrow
26:19 Padded Archer Armor
30:38 Imperial Age
28:47 Padded Archer Armor
31:56 Bracer
32:53 Gillnets
35:15 Conscription
35:36 Warwolf
36:42 Chemistry
36:15 Leather Archer Armor
38:02 Yeomen
40:11 Yeomen
Hackali
11:11 Feudal Age
15:12 Castle Age
14:00 Double-Bit Axe
14:07 Fletching
14:35 Horse Collar
14:59 Loom
15:09 Loom
18:20 Bodkin Arrow
21:38 Padded Archer Armor
25:13 Wheelbarrow
29:14 Imperial Age
30:00 Bracer
32:09 Bloodlines
31:59 Husbandry
32:54 Hand Cart
32:53 Bow Saw
34:27 Chemistry
34:20 Ballistics
34:04 Town Watch
35:26 Leather Archer Armor
Connection lost

Rejoining the realm…

Still unreachable

The connection could not be restored.

Session expired

The server has moved on; the page needs a fresh start.